 Dungeon Sprint DCSS version 0.28.0-45-g0d030f2227 (webtiles) character file.

Game seed: 8916835921126253312

49600000 thiscave3701365 the Archmage (level 27, 208/228 HPs)
             Began as a Djinni Warper on Apr 18, 2022.
             Was the Champion of Makhleb.
             Escaped with the Orb!
             The game lasted 00:03:20 (248 turns).

thiscave3701365 the Archmage (Djinni Warper)         Turns: 248, Time: 00:03:21

Health: 208/228    AC:  6    Str: 20    XL:     27
Gold:   0          EV: 28    Int: 16    God:    Makhleb [******] SH:  0 Dex: 16

rFire   + + .      SeeInvis +   i - +∞ Axe of Woe
rCold   x . .      Faith    .   (shield currently unavailable)
rNeg    . . .      Spirit   .   b - +0 leather armour
rPois   ∞          Reflect  .   (no helmet)
rElec   .          Harm     .   (no cloak)
rCorr   .          Rampage  .   (no gloves)
Will    ++...      NoTele   +   (boots unavailable)
Stlth   +.........              (no amulet)
HPRegen 0.48/turn               j - ring of see invisible
MPRegen 0.00/turn               (no ring)

@: confused, flying
A: sickness immunity, fire resistance 2, cold vulnerability 1, float, innate
caster, HP casting, extra vitality 1
0: Orb of Zot
a: Renounce Religion, Minor Destruction, Lesser Servant of Makhleb, Major
Destruction, Greater Servant of Makhleb


You escaped.
You worshipped Makhleb.
Makhleb was exalted by your worship.
You visited 1 branch

Inventory:

Hand Weapons
 a - a +0 hand axe
 i - the +∞ Axe of Woe (weapon)
   (You found it in the Dungeon)
Missiles
 d - 5 boomerangs of dispersal
Armour
 b - a +0 leather armour (worn)
Jewellery
 j - a ring of see invisible (left hand)
 k - a +30 ring of slaying
 l - a +200 ring of slaying
Scrolls
 c - 2 scrolls of blinking
Potions
 e - a potion of curing
 f - a potion of heal wounds
 g - a potion of haste
 h - a potion of berserk rage


   Skills:
 O Level 27 Fighting
 O Level 27 Short Blades
 O Level 27 Long Blades
 O Level 27 Axes
 O Level 27 Maces & Flails
 O Level 27 Polearms
 O Level 27 Staves
 O Level 27 Slings
 O Level 27 Bows
 O Level 27 Crossbows
 O Level 27 Throwing
 O Level 27 Armour
 O Level 27 Dodging
 O Level 27 Stealth
 O Level 27 Shields
 O Level 27 Unarmed Combat
 O Level 27 Spellcasting
 O Level 27 Invocations
 O Level 27 Evocations


You couldn't memorise any spells.
You knew the following spells:

 Your Spells              Type           Power      Damage    Failure   Level
a - Blink                 Tloc           100%       N/A       0%          2
b - Lesser Beckoning      Tloc           82%        N/A       0%          3
c - Gell's Gravitas       Tloc           82%        N/A       0%          3
d - Teleport Other        Tloc           82%        N/A       0%          3
e - Manifold Assault      Tloc           82%        N/A       0%          5
f - Magic Dart            Conj           100%       1d8       0%          1
g - Wereblood             Tmut           82%        N/A       0%          2
h - Swiftness             Air            82%        N/A       0%          3
i - Olgreb's Toxic Radia  Pois           82%        N/A       0%          4
j - Sticky Flame          Conj/Fire      82%        2d9       0%          4
k - Blade Hands           Tmut           41%        N/A       0%          5
l - Eringya's Noxious Bo  Tmut/Pois      41%        N/A       0%          6
m - Statue Form           Tmut/Erth      54%        N/A       0%          6
n - Storm Form            Tmut/Air       41%        N/A       1%          7
o - Lehudib's Crystal Sp  Conj/Erth      41%        10d10     1%          8
p - Ozocubu's Refrigerat  Ice            41%        4d13      1%          7
q - Disjunction           Tloc           41%        N/A       1%          8
r - Polar Vortex          Ice            41%        N/A       2%          9
Your spell library was empty.

Dungeon Overview and Level Annotations

Branches:
Dungeon (1/1)

Altars:
Makhleb


Innate Abilities, Weirdness & Mutations

You are immune to sickness and miasma.
You are immune to poison.
Your flesh is very heat resistant. (rF++)
You are vulnerable to cold. (rC-)
You float through the air rather than walking.
You learn spells naturally, not from books.
Your magical power is your life essence.
You have superior vitality. (+4 MHP)


Message History

You hear a shout! x2
You're too confused to cast spells.
Unknown command.
You're too confused to cast spells.
Unknown command.
You're too confused to cast spells.
Unknown command.
You're too confused to cast spells.
Unknown command.
You're too confused to cast spells.
Unknown command.
You're too confused to cast spells.
Unknown command.
You're too confused to cast spells.
Unknown command.
The bag of meat shouts!
The large bag of meat shouts in stereo!
You cut the destroyer into ribbons!!!
You hew the destroyer savagely.
You destroy the destroyer!
Makhleb accepts your kill.
The eight-headed meat hydra appears out of thin air!
An eight-headed meat hydra comes into view.
The eight-headed meat hydra roars!
A fleshlord comes into view. It is wielding a +9 great mace.
You hear a shout! x2
A meat berserker comes into view. It is wielding a +9 battleaxe.
Unknown command.
Unknown command.
Unknown command.
You're too confused to cast spells.
You're too confused to cast spells.
You're too confused to cast spells.
You're too confused to cast spells.
You can't go down here!
The fleshlord shouts!
The vile throws damnation at you.
The sphere of damnation explodes!
The damnation engulfs you!!
The fleshlord gestures wildly while chanting.
The fleshlord seems to speed up.
The large bag of meat shouts in stereo!
You have escaped!

)). )) .. #))
.)#..O . #.) ..#o.o
.))###))) .)...O§..
.)M)....###)).))p).
#.).))))G_..)†).)..
......#.)).)..9)...
.....)#_.@)_#......
).....#.).))#......
#...))).)_....D)...
.))O...)###)...))..
.))###))...)§###).§
)...#....op§#..☼
...#9.)..§§#..)
..).))...).)))..
....)...)...))..


You could see an accursed, an eight-headed meat hydra, an observer (fast,
invisible), 2 fleshlords, 2 large bags of meat, 2 viles, a meat berserker
(berserk) and 2 bags of meat.

Vanquished Creatures
  6 molten gargoyles (D)
  Dispater (D)
  34 hell knights (D)
  11 hell beasts (D)
  Edmund (D)
  10 royal mummies (D)
  27 great orbs of eyes (D)
  28 wraiths (D)
  30 vampire knights (D)
  67 ogres (D)
  4 two-headed ogres (D)
  14 liches (D)
  29 hydras (D)
  104 orcs (D)
  18 phantoms (D)
  9 skeletal warriors (D)
  17 sea snakes (D)
  An ancient lich (D)
  2 pandemonium lords (D)
  An Orb Guardian (D)
  A balrug (D)
  2 sun demons (D)
  A shadow demon (D)
  A hellwing (D)
  A neqoxec (D)
420 creatures vanquished.

Notes
Turn   | Place    | Note
-------+----------+-------------------------------------------
     0 | D        | Found the +∞ Axe of Woe
     0 | D        | thiscave3701365 the Djinni Warper began the quest for the
                  | Orb.
     0 | D        | Reached XP level 1. HP: 18/18 MP: 0/0
     1 | D        | Noticed a bag of meat
     3 | D        | Became a worshipper of Makhleb the Destroyer
     3 | D        | Noticed a meat berserker
     3 | D        | Noticed a bag of meat
     6 | D        | Killed a meat berserker
     6 | D        | Noticed a bag of meat
     6 | D        | Noticed a bag of meat
     7 | D        | Reached skill level 10 in Fighting
     7 | D        | Reached XP level 2. HP: 2/36 MP: 0/0
     7 | D        | Reached XP level 3. HP: 3/41 MP: 0/0
     7 | D        | Learned a level 1 spell: Magic Dart
     7 | D        | Reached XP level 4. HP: 3/47 MP: 0/0
     7 | D        | Reached XP level 5. HP: 4/52 MP: 0/0
     7 | D        | Learned a level 2 spell: Wereblood
     7 | D        | Reached XP level 6. HP: 4/58 MP: 0/0
     7 | D        | Reached XP level 7. HP: 5/64 MP: 0/0
     7 | D        | Learned a level 3 spell: Swiftness
     7 | D        | Reached XP level 8. HP: 5/69 MP: 0/0
     7 | D        | Reached XP level 9. HP: 6/75 MP: 0/0
     7 | D        | Learned a level 4 spell: Olgreb's Toxic Radiance
     7 | D        | Reached XP level 10. HP: 6/81 MP: 0/0
     7 | D        | Reached XP level 11. HP: 6/86 MP: 0/0
     7 | D        | Learned a level 4 spell: Sticky Flame
     7 | D        | Reached XP level 12. HP: 7/92 MP: 0/0
     9 | D        | Noticed a bag of meat
    10 | D        | Killed a bag of meat
    10 | D        | Reached * piety under Makhleb
    10 | D        | Noticed a bag of meat
    11 | D        | Reached skill level 10 in Axes
    11 | D        | Reached XP level 13. HP: 9/99 MP: 0/0
    11 | D        | Learned a level 5 spell: Blade Hands
    11 | D        | Noticed a meat berserker
    11 | D        | Noticed a bag of meat
    12 | D        | Noticed a bag of meat
    12 | D        | Noticed a meat berserker
    13 | D        | Killed a bag of meat
    13 | D        | Killed a bag of meat
    13 | D        | Noticed a meat berserker
    13 | D        | Noticed a bag of meat
    14 | D        | Reached XP level 14. HP: 39/110 MP: 0/0
    14 | D        | Noticed a meat berserker
    14 | D        | Killed a meat berserker
    14 | D        | Reached ** piety under Makhleb
    14 | D        | Killed a bag of meat
    14 | D        | Killed a bag of meat
    14 | D        | Noticed a meat berserker
    14 | D        | Noticed a bag of meat
    14 | D        | Noticed a large bag of meat
    15 | D        | Reached skill level 15 in Axes
    15 | D        | Reached skill level 15 in Dodging
    15 | D        | Reached XP level 15. HP: 67/118 MP: 0/0
    15 | D        | Learned a level 6 spell: Eringya's Noxious Bog
    15 | D        | Killed a large bag of meat
    15 | D        | Reached *** piety under Makhleb
    15 | D        | Killed a meat berserker
    15 | D        | Killed a meat berserker
    15 | D        | Killed a meat berserker
    15 | D        | Reached **** piety under Makhleb
    16 | D        | Reached skill level 5 in Throwing
    16 | D        | Reached skill level 10 in Armour
    16 | D        | Reached skill level 27 in Spellcasting
    16 | D        | Reached XP level 16. HP: 134/134 MP: 0/0
    16 | D        | Reached XP level 17. HP: 139/139 MP: 0/0
    16 | D        | Learned a level 6 spell: Statue Form
    16 | D        | Killed a meat berserker
    16 | D        | Reached ***** piety under Makhleb
    16 | D        | Noticed a meat berserker
    17 | D        | Killed a meat berserker
    18 | D        | Reached skill level 27 in Axes
    18 | D        | Reached XP level 18. HP: 156/156 MP: 0/0
    19 | D        | Noticed a meat berserker
    20 | D        | Killed a meat berserker
    21 | D        | Reached skill level 27 in Fighting
    21 | D        | Reached XP level 19. HP: 174/174 MP: 0/0
    21 | D        | Learned a level 7 spell: Storm Form
    21 | D        | Reached ****** piety under Makhleb
    22 | D        | Reached skill level 10 in Throwing
    23 | D        | Noticed a meat berserker
    23 | D        | Noticed a destroyer
    23 | D        | Noticed a meat berserker
    25 | D        | Killed a meat berserker
    25 | D        | Killed a meat berserker
    25 | D        | Killed a destroyer
    26 | D        | Reached skill level 27 in Dodging
    26 | D        | Reached XP level 20. HP: 181/181 MP: 0/0
    27 | D        | Noticed a destroyer
    28 | D        | Noticed a destroyer
    28 | D        | Noticed a meat berserker
    28 | D        | Noticed an eight-headed meat hydra
    29 | D        | Noticed a destroyer
    29 | D        | Killed a meat berserker
    30 | D        | Reached skill level 27 in Armour
    30 | D        | Reached XP level 21. HP: 187/187 MP: 0/0
    30 | D        | Learned a level 8 spell: Lehudib's Crystal Spear
    30 | D        | Killed a nine-headed meat hydra
    30 | D        | Killed a destroyer
    31 | D        | Reached skill level 27 in Throwing
    31 | D        | Killed a destroyer
    31 | D        | Killed a destroyer
    31 | D        | Noticed a meat berserker
    32 | D        | Reached XP level 22. HP: 194/194 MP: 0/0
    32 | D        | Killed a meat berserker
    32 | D        | Noticed a destroyer
    32 | D        | Noticed a destroyer
    33 | D        | Reached skill level 10 in Short Blades
    33 | D        | Reached skill level 10 in Long Blades
    33 | D        | Reached skill level 10 in Staves
    33 | D        | Reached skill level 10 in Stealth
    33 | D        | Reached skill level 10 in Shields
    33 | D        | Reached skill level 10 in Unarmed Combat
    33 | D        | Reached skill level 10 in Invocations
    33 | D        | Reached skill level 10 in Evocations
    33 | D        | Killed a destroyer
    33 | D        | Killed a destroyer
    34 | D        | Reached XP level 23. HP: 201/201 MP: 0/0
    34 | D        | Learned a level 7 spell: Ozocubu's Refrigeration
    39 | D        | Noticed a destroyer
    40 | D        | Killed a destroyer
    41 | D        | Reached XP level 24. HP: 208/208 MP: 0/0
    42 | D        | Reached skill level 15 in Short Blades
    42 | D        | Reached skill level 15 in Long Blades
    42 | D        | Reached skill level 15 in Staves
    42 | D        | Reached skill level 15 in Stealth
    42 | D        | Reached skill level 15 in Shields
    42 | D        | Reached skill level 15 in Unarmed Combat
    42 | D        | Reached skill level 15 in Invocations
    42 | D        | Reached skill level 15 in Evocations
    46 | D        | Noticed an accursed
    47 | D        | Killed an accursed
    48 | D        | Reached skill level 15 in Maces & Flails
    48 | D        | Reached skill level 15 in Polearms
    48 | D        | Reached skill level 15 in Slings
    48 | D        | Reached skill level 15 in Bows
    48 | D        | Reached skill level 15 in Crossbows
    48 | D        | Reached XP level 25. HP: 201/214 MP: 0/0
    48 | D        | Learned a level 8 spell: Disjunction
    52 | D        | Noticed a tyrant
    53 | D        | Killed a tyrant
    54 | D        | Noticed an accursed
    54 | D        | Killed an accursed
    55 | D        | Noticed a tyrant
    59 | D        | Killed a tyrant
    60 | D        | Reached XP level 26. HP: 221/221 MP: 0/0
    61 | D        | Noticed a destroyer
    62 | D        | Killed a destroyer
    62 | D        | Noticed a meat beast
    63 | D        | Noticed a meat beast
    63 | D        | Killed a meat beast
    63 | D        | Killed a meat beast
    63 | D        | Noticed an accursed
    63 | D        | Noticed a large bag of meat
    64 | D        | Reached XP level 27. HP: 228/228 MP: 0/0
    64 | D        | Learned a level 9 spell: Polar Vortex
    64 | D        | Noticed a dread
    64 | D        | Killed an accursed
    64 | D        | Killed a dread
    64 | D        | Killed a large bag of meat
    65 | D        | Noticed a dread
    65 | D        | Killed a dread
    69 | D        | Noticed a dread
    70 | D        | Killed a dread
    80 | D        | Reached skill level 27 in Shields
    80 | D        | Reached skill level 27 in Unarmed Combat
    80 | D        | Reached skill level 27 in Invocations
    80 | D        | Reached skill level 27 in Evocations
    82 | D        | Noticed a destroyer
    83 | D        | Reached skill level 27 in Short Blades
    83 | D        | Reached skill level 27 in Long Blades
    83 | D        | Reached skill level 27 in Staves
    83 | D        | Reached skill level 27 in Stealth
    83 | D        | Killed a destroyer
    84 | D        | Noticed a destroyer
    85 | D        | Killed a destroyer
    86 | D        | Noticed a dread
    87 | D        | Reached skill level 27 in Maces & Flails
    87 | D        | Reached skill level 27 in Polearms
    87 | D        | Reached skill level 27 in Slings
    87 | D        | Reached skill level 27 in Bows
    87 | D        | Reached skill level 27 in Crossbows
    87 | D        | Killed a dread
    88 | D        | Noticed an accursed
    89 | D        | Killed an accursed
    89 | D        | Noticed a tyrant
    90 | D        | Killed a tyrant
    91 | D        | Noticed a tyrant
    92 | D        | Killed a tyrant
    93 | D        | Noticed a destroyer
    94 | D        | Killed a destroyer
    95 | D        | Noticed a tyrant
    96 | D        | Killed a tyrant
    97 | D        | Noticed an accursed
    98 | D        | Killed an accursed
   101 | D        | Noticed a destroyer
   102 | D        | Noticed an accursed
   102 | D        | Killed an accursed
   102 | D        | Noticed an accursed
   102 | D        | Noticed a tyrant
   103 | D        | Killed a destroyer
   103 | D        | Killed a tyrant
   103 | D        | Killed an accursed
   104 | D        | Noticed a meat beast
   104 | D        | Noticed a dread
   105 | D        | Killed a dread
   105 | D        | Killed a meat beast
   105 | D        | Noticed a dread
   106 | D        | Killed a dread
   108 | D        | Noticed a destroyer
   109 | D        | Killed a destroyer
   111 | D        | Noticed a meat beast
   112 | D        | Killed a meat beast
   117 | D        | Noticed a dread
   118 | D        | Noticed a fleshlord
   118 | D        | Killed a fleshlord
   118 | D        | Killed a dread
   119 | D        | Noticed a tyrant
   120 | D        | Killed a tyrant
   122 | D        | Noticed a fleshlord
   122 | D        | Killed a fleshlord
   124 | D        | Noticed a fleshlord
   124 | D        | Noticed a destroyer
   124 | D        | Noticed a fleshlord
   124 | D        | Noticed an accursed
   125 | D        | Killed a destroyer
   125 | D        | Killed a fleshlord
   125 | D        | Killed a fleshlord
   125 | D        | Killed an accursed
   125 | D        | Noticed a destroyer
   126 | D        | Killed a destroyer
   126 | D        | Noticed a destroyer
   126 | D        | Noticed a dread
   127 | D        | Killed a dread
   127 | D        | Killed a destroyer
   127 | D        | Noticed a fleshlord
   127 | D        | Noticed a destroyer
   128 | D        | Killed a destroyer
   128 | D        | Killed a fleshlord
   128 | D        | Noticed a fleshlord
   129 | D        | Killed a fleshlord
   129 | D        | Noticed a fleshlord
   129 | D        | Noticed a fleshlord
   130 | D        | Killed a fleshlord
   131 | D        | Killed a fleshlord
   135 | D        | Noticed a fleshlord
   136 | D        | Killed a fleshlord
   139 | D        | Noticed a fleshlord
   139 | D        | Noticed a dread
   140 | D        | Killed a fleshlord
   140 | D        | Killed a dread
   140 | D        | Noticed a tyrant
   141 | D        | Killed a tyrant
   142 | D        | Noticed a destroyer
   143 | D        | Killed a destroyer
   144 | D        | Noticed a dread
   144 | D        | Killed a dread
   144 | D        | Noticed a dread
   145 | D        | Killed a dread
   145 | D        | Noticed a fleshlord
   145 | D        | Noticed a fleshlord
   146 | D        | Killed a fleshlord
   146 | D        | Killed a fleshlord
   147 | D        | Noticed a dread
   147 | D        | Noticed a dread
   147 | D        | Noticed a dread
   148 | D        | Noticed The Meatlord
   148 | D        | Killed a dread
   148 | D        | Killed a dread
   148 | D        | Killed The Meatlord
   148 | D        | Killed a dread
   150 | D        | Noticed a tyrant
   151 | D        | Killed a tyrant
   152 | D        | Noticed a fleshlord
   153 | D        | Killed a fleshlord
   154 | D        | Got the Orb of Zot
   154 | D        | Noticed a dread
   155 | D        | Killed a dread
   155 | D        | Noticed a meat beast
   155 | D        | Noticed a meat beast
   156 | D        | Noticed a dread
   156 | D        | Noticed a meat beast
   157 | D        | Killed a meat beast
   157 | D        | Killed a meat beast
   157 | D        | Killed a dread
   157 | D        | Noticed a destroyer
   158 | D        | Killed a meat beast
   158 | D        | Noticed a tyrant
   159 | D        | Killed a tyrant
   159 | D        | Killed a destroyer
   162 | D        | Noticed a destroyer
   162 | D        | Noticed The Defiler
   163 | D        | Killed a destroyer
   163 | D        | Noticed a meat beast
   163 | D        | Noticed a destroyer
   164 | D        | Killed a destroyer
   164 | D        | Killed a meat beast
   164 | D        | Noticed a destroyer
   165 | D        | Killed The Defiler
   165 | D        | Killed a destroyer
   168 | D        | Noticed a fleshlord
   168 | D        | Killed a fleshlord
   170 | D        | Noticed a destroyer
   171 | D        | Killed a destroyer
   173 | D        | Noticed a fleshlord
   174 | D        | Killed a fleshlord
   174 | D        | Noticed a dread
   174 | D        | Noticed a fleshlord
   175 | D        | Killed a dread
   175 | D        | Killed a fleshlord
   177 | D        | Noticed a dread
   177 | D        | Noticed a dread
   178 | D        | Killed a dread
   178 | D        | Killed a dread
   182 | D        | Noticed a fleshlord
   183 | D        | Killed a fleshlord
   183 | D        | Noticed a tyrant
   184 | D        | Noticed a fleshlord
   184 | D        | Killed a tyrant
   184 | D        | Killed a fleshlord
   185 | D        | Noticed a fleshlord
   186 | D        | Killed a fleshlord
   186 | D        | Noticed a large bag of meat
   187 | D        | Killed a large bag of meat
   187 | D        | Noticed a dread
   188 | D        | Killed a dread
   192 | D        | Noticed a fleshlord
   193 | D        | Killed a fleshlord
   193 | D        | Noticed a dread
   193 | D        | Noticed a tyrant
   194 | D        | Killed a dread
   195 | D        | Killed a tyrant
   196 | D        | Noticed a destroyer
   197 | D        | Killed a destroyer
   201 | D        | Noticed a fleshlord
   202 | D        | Killed a fleshlord
   202 | D        | Noticed a fleshlord
   203 | D        | Killed a fleshlord
   206 | D        | Noticed a dread
   206 | D        | Killed a dread
   207 | D        | Noticed a fleshlord
   208 | D        | Killed a fleshlord
   208 | D        | Noticed a fleshlord
   208 | D        | Noticed a fleshlord
   209 | D        | Killed a fleshlord
   209 | D        | Killed a fleshlord
   209 | D        | Noticed a fleshlord
   210 | D        | Killed a fleshlord
   211 | D        | Noticed Rebliecu the pandemonium lord
   211 | D        | Noticed a fleshlord
   211 | D        | Killed Rebliecu the pandemonium lord
   211 | D        | Noticed an accursed
   212 | D        | Killed a fleshlord
   213 | D        | Killed an accursed
   213 | D        | Noticed an ancient lich
   214 | D        | Killed an ancient lich
   214 | D        | Noticed a meat beast
   215 | D        | Killed a meat beast
   218 | D        | Noticed a vile
   218 | D        | Killed a vile
   218 | D        | Noticed an accursed
   218 | D        | Noticed a dread
   218 | D        | Noticed a fleshlord
   219 | D        | Killed a fleshlord
   219 | D        | Killed a dread
   219 | D        | Killed an accursed
   220 | D        | Noticed a vile
   221 | D        | Killed a vile
   221 | D        | Noticed a fleshlord
   222 | D        | Killed a fleshlord
   222 | D        | Noticed a fleshlord
   223 | D        | Killed a fleshlord
   227 | D        | Noticed a vile
   228 | D        | Killed a vile
   228 | D        | Noticed a meat beast
   228 | D        | Noticed a dread
   229 | D        | Killed a meat beast
   229 | D        | Noticed a fleshlord
   229 | D        | Noticed a vile
   230 | D        | Killed a fleshlord
   230 | D        | Killed a dread
   230 | D        | Noticed a fleshlord
   231 | D        | Killed a fleshlord
   231 | D        | Killed a vile
   233 | D        | Noticed a tyrant
   233 | D        | Noticed a vile
   234 | D        | Noticed a destroyer
   234 | D        | Killed a destroyer
   234 | D        | Killed a vile
   235 | D        | Killed a tyrant
   236 | D        | Noticed a fleshlord
   236 | D        | Noticed a dread
   236 | D        | Noticed a fleshlord
   236 | D        | Noticed a destroyer
   237 | D        | Killed a fleshlord
   237 | D        | Killed a destroyer
   237 | D        | Killed a fleshlord
   237 | D        | Killed a dread
   237 | D        | Noticed a meat beast
   237 | D        | Noticed a destroyer
   237 | D        | Noticed a destroyer
   238 | D        | Killed a destroyer
   238 | D        | Killed a destroyer
   239 | D        | Noticed a destroyer
   239 | D        | Noticed a dread
   239 | D        | Noticed a dread
   239 | D        | Noticed a dread
   240 | D        | Killed a dread
   240 | D        | Killed a dread
   240 | D        | Killed a dread
   240 | D        | Killed a destroyer
   240 | D        | Noticed a large bag of meat
   241 | D        | Noticed a vile
   241 | D        | Killed a vile
   241 | D        | Killed a large bag of meat
   244 | D        | Noticed Koepawi the pandemonium lord
   244 | D        | Killed Koepawi the pandemonium lord
   244 | D        | Noticed a vile
   244 | D        | Noticed a destroyer
   244 | D        | Noticed a tyrant
   245 | D        | Killed a tyrant
   245 | D        | Killed a meat beast
   245 | D        | Noticed a large bag of meat
   246 | D        | Killed a destroyer
   246 | D        | Noticed a fleshlord
   247 | D        | Noticed a vile
   247 | D        | Noticed an accursed
   247 | D        | Noticed a fleshlord
   247 | D        | Noticed a large bag of meat
   248 | D        | Escaped with the Orb!

Illustrated notes

Levels and vault maps discovered:
D:        meatsprint

Skill      XL: |  1  2  3  4  5  6  7  8  9 10 11 12 13 14 15 16 17 18 19 20 21 22 23 24 25 26 27 |
---------------+----------------------------------------------------------------------------------+-----
Fighting       | 10 11 13 14 18 22 27 | 27.0
Axes           | 9 10 12 15 21 27 | 27.0
Throwing       | 2 3 4 5 6 9 16 22 27 | 27.0
Armour         | 6 7 8 10 13 16 26 27 | 27.0
Dodging        | 11 12 13 15 17 20 23 27 | 27.0
Spellcasting   | 17 19 21 23 27 | 27.0
Short Blades   | 8 12 14 16 19 22 27 | 27.0
Long Blades    | 8 12 14 16 19 22 27 | 27.0
Maces & Flails | 7 11 13 15 18 21 27 | 27.0
Polearms       | 7 11 13 15 18 21 27 | 27.0
Staves         | 8 12 14 16 19 22 27 | 27.0
Slings         | 7 11 13 15 18 21 27 | 27.0
Bows           | 7 11 13 15 18 21 27 | 27.0
Crossbows      | 7 11 13 15 18 21 27 | 27.0
Stealth        | 8 12 14 16 19 22 27 | 27.0
Shields        | 8 12 14 17 19 23 27 | 27.0
Unarmed Combat | 8 12 14 17 19 23 27 | 27.0
Invocations    | 8 12 14 17 19 23 27 | 27.0
Evocations     | 8 12 14 17 19 23 27 | 27.0

Action                   |  1- 3 |  4- 6 |  7- 9 | 10-12 | 13-15 | 16-18 | 19-21 | 22-24 | 25-27 || total
-------------------------+-------+-------+-------+-------+-------+-------+-------+-------+-------++-------
Melee: Executioner's axe |     1 |       |       |     1 |     8 |    10 |    14 |    19 |   366 ||   419
 Cast: Manifold Assault  |       |       |       |       |     2 |     5 |     5 |     7 |   158 ||   177
Dodge: Dodged            |       |       |       |       |       |       |       |       |     1 ||     1
